 Dungeon Crawl Stone Soup version 0.18.1-48-g4cf74bf (webtiles) character file.

28 Gottschkopf the Ruffian (level 3, -6/28 HPs)
             Began as a Draconian Transmuter on Aug 10, 2016.
             Mangled by Natasha (8 damage)
             ... on level 2 of the Dungeon.
             The game lasted 00:02:16 (728 turns).

Gottschkopf the Ruffian (Draconian Transmuter)       Turns: 728, Time: 00:02:17

Health: -6/28      AC:  5    Str: 12    XL:     3   Next: 0%
Magic:  0/6        EV: 12    Int: 19    God:
Gold:   53         SH:  0    Dex: 11    Spells: 3 memorised, 0 levels left

rFire  . . .     SeeInvis .       - Unarmed
rCold  . . .     Gourm    .     (armour unavailable)
rNeg   . . .     Faith    .     (no shield)
rPois  .         Spirit   .     (helmet restricted)
rElec  .         Dismiss  .     (no cloak)
rCorr  .         Reflect  .     (no gloves)
SustAt .         Harm     .     (boots currently unavailable)
MR     .....                    (no amulet)
Stlth  +.........               (no ring)
                                (no ring)

@: brilliant, appendage (expiring), flying, not resistant to hostile
enchantments, very unstealthy
A: unfitting armour, talons 3, cold-blooded, AC +5
a: End Transformation


You were on level 2 of the Dungeon.
You were not hungry.
You had grown temporary talons.
You visited 1 branch of the dungeon, and saw 2 of its levels.

You collected 53 gold pieces.

Inventory:

Missiles
 a - 9 arrows
Scrolls
 e - 5 scrolls of identify {unknown}
Potions
 f - a potion of brilliance
 g - a potion of flight
Books
 b - a book of Changes

   Spells                             Type                      Level
   a - Beastly Appendage              Transmutation                1
   b - Sticks to Snakes               Transmutation                2
   c - Spider Form                    Transmutation/Poison         3
   d - Ice Form                       Ice/Transmutation            4
   e - Blade Hands                    Transmutation                5
Comestibles
 c - a bread ration
 d - 2 chunks of flesh


   Skills:
 - Level 1.1 Fighting
 - Level 1.7 Dodging
 - Level 4.2 Unarmed Combat
 - Level 2.0 Spellcasting
 - Level 2.0 Transmutations
 + Level 0.0 Poison Magic


You couldn't memorise any spells.
You knew the following spells:

 Your Spells              Type           Power        Failure   Level  Hunger
a - Beastly Appendage     Trmt           ###...       1%          1    #......
b - Sticks to Snakes      Trmt           ###.....     1%          2    ###....
c - Spider Form           Trmt/Pois      ###.......   4%          3    ###....


Dungeon Overview and Level Annotations

Branches:
Dungeon (2/15)

Altars:

Annotations:
D:2 Natasha


Innate Abilities, Weirdness & Mutations

Your plain brown scales are hard (AC +5).
Your body does not fit into most forms of armour.
You are cold-blooded and may be slowed by cold attacks.
You have claws for feet.


Message History

Your ball python bites Natasha but does no damage.
Your ball python constricts Natasha.
Natasha closely misses your ball python.
Your ball python bites Natasha but does no damage.
Drink which item? (? for menu, Esc to quit)
It was a potion of flight.
You feel very buoyant.
You fly up into the air.
Your ball python bites Natasha but does no damage.
Your ball python constricts Natasha.
Your ball python barely misses Natasha.
Natasha claws your ball python.
Your ball python dies!
Your ball python bites Natasha.
Your ball python constricts Natasha.
Drink which item? (? for menu, Esc to quit)
It was a potion of brilliance.
You feel clever all of a sudden. Natasha claws your ball python.
Your ball python dies!
Natasha claws you!
You die...

#### !.# #.#
#.# #.###@###
#...h...#
#####.#.#
#.#.#
(..#######.#.#
#.....<...#.#
###########.#
.# ..


You could see Natasha.

Vanquished Creatures
  An ooze (D:1)
  2 bats (D:1)
  2 giant cockroaches (D:1)
  A goblin (D:1)
  4 hobgoblins (D:1)
  A ball python (D:1)
  A giant newt (D:1)
  4 kobolds (D:1)
  9 rats (D:1)
25 creatures vanquished.

Notes
Turn   | Place    | Note
--------------------------------------------------------------
     0 | D:1      | Gottschkopf the Draconian Transmuter began the quest for the Orb.
     0 | D:1      | Reached XP level 1. HP: 16/16 MP: 3/3
   294 | D:1      | Reached XP level 2. HP: 23/23 MP: 3/5
   513 | D:1      | Reached skill level 4 in Unarmed Combat
   520 | D:1      | Learned a level 2 spell: Sticks to Snakes
   679 | D:1      | Reached XP level 3. HP: 28/28 MP: 4/6
   684 | D:1      | Learned a level 3 spell: Spider Form
   709 | D:2      | Noticed Natasha
   724 | D:2      | HP: 1/28 [Natasha (4)]
   728 | D:2      | Mangled by Natasha

Skill      XL: |  1  2 |
---------------+-------+-----
Unarmed Combat | 4 |  4.2
Fighting       | |  1.1
Dodging        | |  1.7
Spellcasting   | |  2.0
Transmutations | |  2.0

Action                   || total
-------------------------++-------
Melee: Unarmed           ||    85
       Kick              ||    16
       Tailslap          ||     7
       Headbutt          ||     3
 Cast: Beastly Appendage ||    21
       Sticks to Snakes  ||     3
  Use: Potion            ||     2
 Stab: Sleeping          ||     2
Armor: Skin              ||    27
Dodge: Dodged            ||    48
